 Dungeon Crawl Stone Soup version 0.30.1-9-gdf580d7c3d (webtiles) character file.

Game seed: 6209382769495407083

133061 Peloso the Peltast (level 16, -3/152 HPs)
             Began as a Minotaur Fighter on Oct 18, 2023.
             Was a High Priest of Okawaru.
             Slain by a +3 heavy halberd (19 damage)
             ... on level 2 of the Orcish Mines.
             The game lasted 01:15:01 (28163 turns).

Peloso the Peltast (Minotaur Fighter)              Turns: 28163, Time: 01:15:01

Health: -3/152     AC: 26    Str: 27    XL:     16   Next: 59%
Magic:  16/16      EV: 14    Int:  8    God:    Okawaru [*****.]
Gold:   3895       SH: 18    Dex: 24    Spells: 15/15 levels left

rFire   . . .        a - +2 long sword (heavy)
rCold   + . .        d - +0 kite shield
rNeg    . . .        Z - +7 chain mail "Netao" {Int+3 Dex+3}
rPois   .            (helmet restricted)
rElec   .            F - scarf of Paecubus {+Inv, rCorr}
rCorr   +            y - +0 pair of gloves
SInv    .            z - +2 pair of boots
Will    ++...        T - amulet of regeneration Stlth
                     u - ring of Lugonu's Indignation {Fly Will+ Str+5 Dex+4}
HPRegen 1.25/turn    n - ring of protection from cold
MPRegen 0.15/turn

%: no passive effects
@: flying
A: horns 2, retaliatory headbutt
a: Renounce Religion, Evoke Invisibility, Heroism, Finesse, Duel


You were on level 2 of the Orcish Mines.
You worshipped Okawaru.
Okawaru was extremely pleased with you.
You visited 7 branches of the dungeon, and saw 26 of its levels.
You also visited: Ossuary, Bailey and Ice Cave.

You collected 4356 gold pieces.
You spent 461 gold pieces at shops.

Inventory:

Hand Weapons
 a - a +2 heavy long sword (weapon)
 b - a +5 long sword
 c - a +4 scimitar of flaming
Armour
 d - a +0 kite shield (worn)
 y - a +0 pair of gloves (worn)
 z - a +2 pair of boots (worn)
 F - the scarf of Paecubus (worn) {+Inv, rCorr}
   (Okawaru gifted it to you on level 1 of the Shoals)

   rCorr:     It protects you from acid and corrosion.
 Z - the +7 chain mail "Netao" (worn) {Int+3 Dex+3}
   (Okawaru gifted it to you on level 2 of the Lair of Beasts)

   Int:       It affects your intelligence (+3).
   Dex:       It affects your dexterity (+3).
Jewellery
 l - a ring of poison resistance
 m - a ring of protection from fire
 n - a ring of protection from cold (right hand)
 u - the ring of Lugonu's Indignation (left hand) {Fly Will+ Str+5 Dex+4}
   (You found it on level 3 of the Dungeon)

   [ring of flight]

   Str:       It affects your strength (+5).
   Dex:       It affects your dexterity (+4).
   Fly:       It grants you flight.
   Will:      It increases your willpower.
 S - a +6 ring of dexterity
 T - an amulet of regeneration (around neck)
Wands
 H - a wand of mindburst (23)
 J - a wand of flame (55)
Scrolls
 g - 13 scrolls of teleportation
 k - 8 scrolls of immolation
 r - 4 scrolls of fear
 v - 3 scrolls of poison
 x - 8 scrolls of enchant weapon
 L - 2 scrolls of enchant armour
 M - a scroll of magic mapping
 Q - 12 scrolls of identify
Potions
 h - 6 potions of cancellation
 i - 3 potions of berserk rage
 j - 3 potions of mutation
 q - 3 potions of might
 s - a potion of resistance
 A - 16 potions of curing
 E - 3 potions of heal wounds
 G - 7 potions of brilliance
 I - 4 potions of lignification
 O - 2 potions of haste
 P - 4 potions of invisibility
 V - 4 potions of flight


   Skills:
 + Level 16.7 Fighting
 + Level 16.9 Long Blades
 + Level 1.0 Polearms
 + Level 16.5 Armour
 + Level 6.4 Dodging
 + Level 2.9 Stealth
 + Level 20.9 Shields
 + Level 2.0 Invocations
 + Level 0.5 Evocations


You had 15 spell levels left.
You didn't know any spells.
Your spell library contained the following spells:

 Spells                   Type           Power      Damage    Failure   Level
 Apportation              Tloc           0%         N/A       83%         1
 Freeze                   Ice            0%         1d3       83%         1
 Shock                    Conj/Air       0%         1d3       83%         1
 Ensorcelled Hibernation  Hex/Ice        0%         N/A       92%         2
 Passwall                 Tmut/Erth      0%         N/A       92%         2
 Dazzling Flash           Conj/Hex       0%         N/A       99%         3
 Frozen Ramparts          Ice            0%         1d1       99%         3
 Hailstorm                Conj/Ice       0%         3d3       99%         3
 Ignite Poison            Fire/Tmut/Pois 0%         N/A       99%         3
 Portal Projectile        Hex/Tloc       0%         N/A       99%         3
 Swiftness                Air            0%         N/A       99%         3
 Vhi's Electric Charge    Tloc/Air       0%         N/A       99%         3
 Volatile Blastmotes      Fire/Tloc      0%         2d10      99%         3
 Airstrike                Air            0%         2d(0-16)  100%        4
 Fulminant Prism          Conj/Hex       0%         3d5       100%        4
 Iskenderun's Mystic Bla  Conj/Tloc      0%         2d3       100%        4
 Olgreb's Toxic Radiance  Pois           0%         N/A       100%        4
 Sticky Flame             Conj/Fire      0%         2d3       100%        4
 Alistair's Intoxication  Tmut/Pois      0%         N/A       100%        5
 Arcjolt                  Conj/Air       0%         1d10      100%        5
 Blade Hands              Tmut           0%         N/A       100%        5
 Iskenderun's Battlesphe  Conj           0%         2d6       100%        5
 Lee's Rapid Deconstruct  Erth           0%         3d4*      100%        5
 Iron Shot                Conj/Erth      0%         9d1       100%        6
 Starburst                Conj/Fire      0%         6d3       100%        6
 Ozocubu's Refrigeration  Ice            0%         4d7       100%        7
 Storm Form               Tmut/Air       0%         N/A       100%        7
 Discord                  Hex            0%         N/A       100%        8
 Ignition                 Fire           0%         3d3       100%        8
 Maxwell's Capacitive Co  Air            0%         ∞         100%        8
 Polar Vortex             Ice            0%         N/A       100%        9
 Tukima's Dance           Hex            Unusable   N/A       N/A         3
 Summon Lightning Spire   Summ/Air       Unusable   N/A       N/A         4
 Simulacrum               Ice/Necr       Unusable   N/A       N/A         6
 Spellforged Servitor     Conj/Summ      Unusable   N/A       N/A         7

Dungeon Overview and Level Annotations

Branches:
Dungeon (15/15)            Temple (1/1) D:4            Lair (5/5) D:9
 Shoals (1/4) Lair:2       Spider (1/4) Lair:2        Slime (0/5) Lair:4
    Orc (2/2) D:11            Elf (1/3) Orc:2        Vaults (0/5) D:13
 Depths (0/4) D:15        Ossuary (visited)          Bailey (visited)
  IceCv (visited)

Altars:
Ashenzari
Cheibriados
Dithmenos
Elyvilon
Fedhas
Gozag
Hepliaklqana
Kikubaaqudgha
Makhleb
Nemelex Xobeh
Okawaru
Qazlal
Ru
Sif Muna
Trog
Uskayaw
Vehumet
Wu Jian
Xom
Yredelemnul
Zin
The Shining One
Jiyva

Shops:
D:9 :   D:12 (   Orc:1 !   Orc:2 *:([

Annotations:
D:2 1 runed translucent door, Crazy Yiuf
Lair:1 Casa


Innate Abilities, Weirdness & Mutations

You have a pair of horns on your head.
You reflexively headbutt those who attack you in melee.


Message History

The deep elf zephyrmancer is severely wounded.
You feel sick.
The +3 heavy halberd hits you from afar.
* * * LOW HITPOINT WARNING * * *
The deep elf zephyrmancer hits you but does no damage.
Unknown command.
You slash the deep elf zephyrmancer!
Your headbutt misses the deep elf zephyrmancer.
The deep elf zephyrmancer is almost dead.
You feel sick.
You block the +3 heavy halberd's attack.
You block the deep elf zephyrmancer's attack.
Unknown command.
You chop the deep elf zephyrmancer into pieces!!!
You kill the deep elf zephyrmancer!
Okawaru accepts your kill.
You feel sick.
The +3 heavy halberd hits you from afar!
* * * LOW HITPOINT WARNING * * *
A deep elf pyromancer comes into view. It is wielding a staff of cold.
You feel sick.
You block the +3 heavy halberd's attack.
The deep elf pyromancer casts a spell.
The deep elf pyromancer blinks!
There is a staircase back to the Mines, spattered with blood here.
Unknown command.
You feel sick. The +3 heavy halberd hits you!
* * * LOW HITPOINT WARNING * * *
You fly upwards.
Welcome back to the Orcish Mines!
You feel sick.
You are no longer poisoned.
There is a staircase to the Elven Halls, spattered with blood here.
Things that are here:
a +0 ring mail; a +0 rapier of venom A +3 heavy halberd is nearby!
The +3 heavy halberd barely misses you.
A +3 heavy halberd is nearby!
A +3 heavy halberd is nearby!
The +3 heavy halberd barely misses you.
The +3 heavy halberd hits you from afar!!
You die...

..................(.#............
...................#.............
...............##................
.........................#.......
.................................
.......#.........................
.................................
.................................
................@..##............
.................................
..............(..................
.................................
).......#........................
).........................8......
..............=...........(......
).......)>[...............[.∩....
.....[..)..#.....................


You could see a +3 heavy halberd.

Vanquished Creatures
  A tentacled monstrosity (Shoals:1)
  Rupert (D:15)
  Jorgrun (D:11)
  A kraken (Shoals:1)
  Kirke (D:15)
  An emperor scorpion (Spider:1)
  The ghost of Atuovvy the Martial Artist, a journeyman GnTm of Ashenzari (D:13)
  A stone giant (Orc:2)
  Nessos (Lair:3)
  Snorg (D:11)
  A fire dragon (D:15)
  3 ettins (Orc:2)
  6 merfolk impalers (Shoals:1)
  An entropy weaver (Spider:1)
  A great orb of eyes (Shoals:1)
  An ice dragon (D:15)
  An ogre mage (D:15)
  6 centaur warriors
  A radroach (Spider:1)
  5 hydras
  6 boulder beetles
  4 dancing weapons
  8 two-headed ogres
  2 tengu warriors (D:15)
  An orc high priest (Orc:1)
  2 skysharks
  2 pharaoh ants (Spider:1)
  3 orb spiders (Spider:1)
  A sea snake (Shoals:1)
  4 deep elf archers
  A steelbarb worm (Spider:1)
  12 harpies (Shoals:1)
  5 wolf spiders
  6 deep elf pyromancers
  6 deep elf zephyrmancers
  An orc sorcerer (D:11)
  9 ugly things
  17 cyclopes
  14 elephants
  2 ice statues (IceCv)
  A guardian serpent (Lair:4)
  An apocalypse crab (Shoals:1)
  3 demonic crawlers (Spider:1)
  Maurice (Orc:1)
  A merfolk siren (Shoals:1)
  13 black mambas
  3 torpor snails
  2 gargoyles
  16 cane toads
  16 komodo dragons
  An unseen horror (D:11)
  A rime drake (Lair:5)
  2 efreet (D:13)
  2 kobold demonologists
  A yaktaur (D:13)
  A merfolk (Shoals:1)
  3 meliai (D:15)
  A meliai (shapeshifter) (D:13)
  3 hornets (Lair:5)
  Prince Ribbit (D:6)
  3 trolls
  4 polar bears
  2 tarantellas (Spider:1)
  Grinder (D:3)
  5 dream sheep (Lair:4)
  10 slime creatures
  14 blink frogs
  2 jumping spiders (Spider:1)
  A snapping turtle (Shoals:1)
  4 culicivoras (Spider:1)
  16 wyverns
  Sigmund (D:3)
  65 yaks
  4 hogs (D:15)
  2 humans (D:15)
  2 water elementals (Shoals:1)
  A fire elemental (Elf:1)
  2 steam dragons
  5 basilisks
  A death yak simulacrum (IceCv)
  15 redbacks (Spider:1)
  7 vampire mosquitoes
  4 wargs
  2 acid dragons
  26 water moccasins
  22 orc warriors
  An ice beast (D:7)
  A sky beast (D:8)
  6 black bears
  13 ogres
  8 centaurs
  34 wolves
  An elf zombie (Ossuary)
  A phantom (D:7)
  10 kobold brigands
  16 bullfrogs
  5 gnoll sergeants
  A two-headed ogre simulacrum (Orc:2)
  6 scorpions
  A cane toad simulacrum (Orc:2)
  10 wights
  2 elephant simulacra (IceCv)
  3 electric eels
  2 howler monkeys (D:7)
  A human zombie (Ossuary)
  9 jellies
  4 hounds
  2 gnoll boudas
  13 orc priests
  Jessica (D:2)
  2 sleepcaps
  5 iguanas
  29 orc wizards
  A spriggan simulacrum (Orc:2)
  5 hell rats (Lair:4)
  2 troll simulacra (Orc:2)
  2 wolf simulacra (IceCv)
  A hound zombie (Ossuary)
  4 mummies (Ossuary)
  Robin (D:1)
  7 adders
  41 gnolls
  3 naga simulacra (Orc:2)
  2 shadow imps
  A white imp (D:6)
  An ufetubus (D:6)
  2 worms (D:2)
  6 dart slugs
  76 orcs
  8 ball pythons
  5 bats
  6 endoplasms
  4 giant cockroaches
  24 goblins
  12 hobgoblins
  4 jackals (D:1)
  21 kobolds
  3 quokkas
  2 gnoll zombies (Ossuary)
  An orc zombie (Ossuary)
  4 rats
  6 rat zombies (Ossuary)
878 creatures vanquished.

Vanquished Creatures (others)
  A wizard (D:6)
  A bullfrog (D:8)
  4 tentacles (Shoals:1)
6 creatures vanquished.

Grand Total: 884 creatures vanquished

Notes
Turn   | Place    | Note
-------+----------+-------------------------------------------
     0 | D:1      | Peloso the Minotaur Fighter began the quest for the Orb.
     0 | D:1      | Reached XP level 1. HP: 19/19 MP: 0/0
    69 | D:1      | Found a faded altar of an unknown god.
   165 | D:1      | Reached XP level 2. HP: 11/27 MP: 1/1
   265 | D:1      | Reached skill level 4 in Shields
   340 | D:1      | Reached XP level 3. HP: 33/33 MP: 2/2
   765 | D:2      | Noticed Robin
   775 | D:1      | Killed Robin
   800 | D:1      | Reached XP level 4. HP: 35/40 MP: 3/3
   995 | D:2      | Found a runed translucent door.
   996 | D:2      | Noticed Crazy Yiuf
  1029 | D:2      | Noticed Jessica
  1056 | D:2      | Killed Jessica
  1057 | D:2      | Reached XP level 5. HP: 27/47 MP: 4/4
  1182 | D:2      | Reached skill level 1 in Dodging
  1310 | D:2      | Reached skill level 5 in Long Blades
  1711 | D:3      | Identified the ring of Lugonu's Indignation {Fly Will+
                  | Str+5 Dex+4}
  1714 | D:3      | Noticed Grinder
  1749 | D:3      | Killed Grinder
  1750 | D:3      | Reached skill level 5 in Fighting
  1750 | D:3      | Reached skill level 5 in Armour
  1750 | D:3      | Reached XP level 6. HP: 39/56 MP: 5/5
  1912 | D:3      | Found an opulent altar of Gozag.
  2040 | D:3      | Found a stormy altar of Qazlal.
  2232 | D:3      | Noticed Sigmund
  2245 | D:3      | Killed Sigmund
  2246 | D:3      | Reached XP level 7. HP: 33/61 MP: 6/6
  2368 | D:3      | Found a shimmering altar of Xom.
  2945 | D:4      | Found a staircase to the Ecumenical Temple.
  2955 | Temple   | Entered the Ecumenical Temple
  3331 | D:4      | Reached skill level 5 in Shields
  3750 | D:4      | Found a burning altar of Makhleb.
  3825 | D:5      | Entered Level 5 of the Dungeon
  3834 | D:5      | Found an iron altar of Okawaru.
  3842 | D:5      | Became a worshipper of Warmaster Okawaru
  3991 | D:5      | Reached XP level 8. HP: 66/70 MP: 7/7
  4042 | D:5      | Found a sand-covered staircase.
  4068 | Ossuary  | Entered an ossuary
  4360 | D:5      | Reached * piety under Okawaru
  5301 | D:6      | Reached skill level 6 in Shields
  5502 | D:6      | Reached ** piety under Okawaru
  5511 | D:6      | Reached XP level 9. HP: 51/78 MP: 8/8
  5964 | D:6      | Found a bloodstained altar of Trog.
  5966 | D:6      | Noticed a wizard
  5971 | D:6      | Killed a wizard
  6049 | D:6      | Noticed Prince Ribbit
  6060 | D:6      | Killed Prince Ribbit
  6219 | D:6      | Reached skill level 7 in Shields
  6316 | D:7      | Found an ornate altar of the Wu Jian Council.
  6538 | D:7      | Reached skill level 10 in Long Blades
  6549 | D:7      | Reached *** piety under Okawaru
  6566 | D:7      | Reached skill level 1 in Stealth
  6597 | D:7      | Found a broken altar of Ashenzari.
  6661 | D:7      | Found a blossoming altar of Fedhas.
  6784 | D:7      | Found a shadowy altar of Dithmenos.
  6785 | D:7      | Found a hazy altar of Hepliaklqana.
  7011 | D:8      | Noticed a two-headed ogre
  7013 | D:8      | Noticed a green ugly thing
  7014 | D:8      | Noticed a two-headed ogre
  7020 | D:8      | Killed a two-headed ogre
  7021 | D:8      | Reached skill level 10 in Armour
  7021 | D:8      | Reached skill level 8 in Shields
  7021 | D:8      | Reached XP level 10. HP: 76/86 MP: 6/9
  7023 | D:8      | Killed a green ugly thing
  7023 | D:8      | Reached **** piety under Okawaru
  7028 | D:8      | Killed a two-headed ogre
  7888 | D:8      | Reached skill level 9 in Shields
  8327 | D:8      | Reached ***** piety under Okawaru
  8465 | D:8      | Identified the +2 spear "Vagh" {vamp, rCorr MP-9 Int-5
                  | SInv}
  8805 | D:9      | Found a sparkling altar of Nemelex Xobeh.
  8818 | D:9      | Found Gydel's Tremendous Tomes.
  8854 | D:9      | Found a flagged portal.
  8872 | D:9      | Identified the +0 ring mail of Fortitude {rPois}
  8883 | Bailey   | Entered a bailey
  8956 | Bailey   | Identified the +1 crystal plate armour of the Arcane {Str-2
                  | Int+6 SInv} (Okawaru gifted it to you in a bailey)
  8956 | Bailey   | Received a gift from Okawaru
  8990 | Bailey   | Found a burning altar of Makhleb.
  9106 | D:9      | Reached XP level 11. HP: 53/97 MP: 10/10
  9259 | D:9      | Found a staircase to the Lair.
  9494 | D:9      | Reached skill level 10 in Shields
  9646 | D:10     | Entered Level 10 of the Dungeon
  9807 | D:10     | Found a hide-covered altar of Uskayaw.
 10122 | D:10     | Noticed an angel
 10123 | D:10     | Found a glowing silver altar of Zin.
 10513 | D:10     | Found a shimmering blue altar of Sif Muna.
 10564 | D:11     | Noticed a sun demon
 10567 | D:11     | Reached skill level 10 in Fighting
 10640 | D:11     | Noticed a boulder beetle
 10654 | D:11     | Noticed a centaur warrior
 10658 | D:11     | Killed a boulder beetle
 10673 | D:11     | Killed a centaur warrior
 10674 | D:11     | Reached skill level 11 in Shields
 10938 | D:11     | Found a staircase to the Orcish Mines.
 11128 | D:11     | Noticed a two-headed ogre
 11135 | D:11     | Killed a two-headed ogre
 11324 | D:11     | Noticed a two-headed ogre
 11332 | D:11     | Killed a two-headed ogre
 11364 | D:11     | Noticed a boulder beetle
 11381 | D:11     | Killed a boulder beetle
 11382 | D:11     | Reached skill level 1 in Invocations
 11603 | D:11     | Received a gift from Okawaru
 11616 | D:11     | Reached XP level 12. HP: 73/108 MP: 5/11
 11629 | D:11     | Reached skill level 12 in Shields
 12329 | Lair:1   | Entered Level 1 of the Lair of Beasts
 12660 | Lair:1   | Noticed a boulder beetle
 12673 | Lair:1   | Killed a boulder beetle
 12703 | Lair:1   | Noticed a boulder beetle
 12713 | Lair:1   | Killed a boulder beetle
 13442 | Lair:2   | Reached skill level 13 in Shields
 13497 | Lair:2   | Received a gift from Okawaru
 13596 | Lair:2   | Found a hole to the Spider Nest.
 13622 | Lair:2   | Identified the +10 trident of Blood-Lust {venom, Fragile
                  | rPois rF+} (Okawaru gifted it to you on level 2 of the Lair
                  | of Beasts)
 13622 | Lair:2   | Received a gift from Okawaru
 13647 | Lair:2   | Reached ****** piety under Okawaru
 13657 | Lair:2   | You are sucked into a shaft and drop 2 floors!
 13708 | Lair:3   | Reached XP level 13. HP: 34/117 MP: 12/12
 13792 | Lair:3   | Noticed Nessos
 13811 | Lair:3   | Killed Nessos
 14342 | Lair:2   | Identified the +7 chain mail "Netao" {Int+3 Dex+3} (Okawaru
                  | gifted it to you on level 2 of the Lair of Beasts)
 14342 | Lair:2   | Received a gift from Okawaru
 14347 | Lair:2   | Reached skill level 14 in Shields
 14558 | D:12     | Found Damov's Antique Weapon Shoppe.
 14571 | D:12     | Bought a glowing falchion for 126 gold pieces
 15215 | Orc:1    | Entered Level 1 of the Orcish Mines
 15215 | Orc:1    | Found Urukeron's Distillery.
 15560 | Orc:1    | Noticed Snorg
 15587 | D:11     | Killed Snorg
 15669 | Orc:1    | Bought a potion of berserk rage for 60 gold pieces
 15718 | Orc:1    | Noticed Jorgrun
 15772 | D:11     | Reached skill level 15 in Shields
 15795 | D:11     | Killed Jorgrun
 15810 | Orc:1    | Noticed Maurice
 15822 | Orc:1    | Killed Maurice
 15902 | Orc:1    | Found a burning altar of Makhleb.
 16018 | Orc:1    | You are sucked into a shaft and drop 1 floor!
 16018 | Orc:2    | Entered Level 2 of the Orcish Mines
 16018 | Orc:2    | Noticed an ettin
 16018 | Orc:2    | Found Xaoro's Antique Armour Emporium.
 16025 | Orc:2    | Noticed an ettin
 16026 | Orc:2    | Found Ruusouph's General Store.
 16037 | Orc:2    | Killed an ettin
 16044 | Orc:2    | Killed an ettin
 16048 | Orc:2    | Received a gift from Okawaru
 16078 | Orc:2    | Found a frozen archway.
 16130 | IceCv    | Entered an ice cave
 16219 | IceCv    | Found a transporter.
 16241 | IceCv    | Found a transporter.
 16276 | IceCv    | Reached XP level 14. HP: 59/129 MP: 14/14
 16404 | Orc:2    | Found Vatosmy's Book Emporium.
 16404 | Orc:2    | Noticed a stone giant
 16432 | Orc:2    | Killed a stone giant
 16513 | Orc:2    | Found a staircase to the Elven Halls.
 16534 | Orc:2    | Bought a pair of shimmering gloves for 275 gold pieces
 16534 | Orc:2    | Identified the +0 pair of gloves of Fedhas's Envy {Rampage}
                  | (You bought it in a shop on level 2 of the Orcish Mines)
 16779 | Orc:2    | Found Toopsaps's Antique Weapon Emporium.
 16789 | Orc:2    | Reached skill level 16 in Shields
 16796 | Orc:2    | Received a gift from Okawaru
 16797 | Orc:2    | Reached skill level 15 in Armour
 17387 | Lair:2   | Found a staircase to the Shoals.
 17483 | Lair:2   | Reached skill level 15 in Long Blades
 17822 | Lair:3   | Identified the +0 buckler of Focus {rC+}
 17951 | Lair:3   | Reached skill level 1 in Polearms
 18373 | Lair:4   | Identified the +13 plate armour of the Sheltering Gods
                  | {rF+}
 18543 | Lair:4   | Identified the +6 crystal plate armour of Miroire {Int+3}
                  | (Okawaru gifted it to you on level 4 of the Lair of Beasts)
 18543 | Lair:4   | Received a gift from Okawaru
 18799 | Lair:4   | Found a staircase to the Slime Pits.
 18818 | Lair:4   | Found a viscous altar of Jiyva.
 19385 | Lair:5   | Entered Level 5 of the Lair of Beasts
 19438 | Lair:4   | Reached skill level 17 in Shields
 19618 | D:13     | Found a gate to the Vaults.
 19679 | D:13     | Found a runed translucent door.
 19680 | D:13     | Noticed Atuovvy's ghost (journeyman GnTm)
 20316 | D:13     | Killed Atuovvy's ghost
 20323 | D:13     | Identified the +6 arbalest of the Real Monster {antimagic,
                  | rN+ rCorr Str-2}
 20612 | Lair:5   | Reached XP level 15. HP: 101/139 MP: 15/15
 20621 | Lair:5   | Reached skill level 15 in Fighting
 20852 | Lair:5   | Received a gift from Okawaru
 20940 | Lair:5   | Reached skill level 18 in Shields
 20968 | Lair:5   | Reached skill level 5 in Dodging
 22209 | D:14     | Found a hazy altar of Hepliaklqana.
 22392 | D:14     | Identified the +7 trident "Joafysoz" {antimagic, *Rage
                  | rElec rCorr}
 22842 | D:15     | Entered Level 15 of the Dungeon
 23009 | D:15     | Found a basalt altar of Yredelemnul.
 23115 | D:15     | Noticed Kirke
 23137 | D:15     | Noticed a sphinx
 23143 | D:15     | Killed Kirke
 23143 | D:15     | Identified the +1 robe of the Sparrow {rPois Regen+ Int-2
                  | Archmagi} (Okawaru gifted it to you on level 15 of the
                  | Dungeon)
 23143 | D:15     | Received a gift from Okawaru
 23522 | D:15     | Noticed Rupert
 23539 | D:15     | Killed Rupert
 23544 | D:15     | Reached skill level 19 in Shields
 23814 | D:15     | Found a staircase to the Depths.
 24511 | Spider:1 | Entered Level 1 of the Spider Nest
 24776 | Spider:1 | Noticed an emperor scorpion
 24832 | Spider:1 | Killed an emperor scorpion
 25119 | Spider:1 | Reached XP level 16. HP: 151/151 MP: 16/16
 25592 | Shoals:1 | Entered Level 1 of the Shoals
 25686 | Shoals:1 | Identified the scarf of Paecubus {+Inv, rCorr} (Okawaru
                  | gifted it to you on level 1 of the Shoals)
 25686 | Shoals:1 | Received a gift from Okawaru
 25690 | Shoals:1 | Reached skill level 20 in Shields
 26124 | Shoals:1 | Noticed a kraken
 26138 | Shoals:1 | Killed a kraken
 26202 | Shoals:1 | Identified the ring "Caifutran" {Fly rN+ MP+9 Str-5}
 26209 | Shoals:1 | Noticed a tentacled monstrosity
 26216 | Shoals:1 | Killed a tentacled monstrosity
 26473 | Elf:1    | Entered Level 1 of the Elven Halls
 28155 | Elf:1    | HP: 7/152 [+3 heavy halberd (11)]
 28163 | Orc:2    | Slain by a +3 heavy halberd

Illustrated notes

Levels and vault maps discovered:
D:1:      psy_arrival_basics, layout_basic, ebering_ecumenical_altar_mist
D:2:      layout_rooms, uniq_crazy_yiuf_cottage, uniq_jessica, uniq_robin
D:3:      layout_loops_ring, nicolae_gozag_cash_rules_everything_around_me,
          dk_xom_monty_hall, nicolae_qazlal_scattered_showers,
          nicolae_kite_square_tiling_tiny, nicolae_elevator_lobby_asterisk,
          uniq_grinder, uniq_sigmund
D:4:      layout_basic, nicolae_overflow_hidden_temple,
          minmay_temple_entry_statues_fountains, minmay_misc_feat_four_crosses
D:5:      layout_layer_cave, mainiacjoe_overflow_concentric_impassable,
          lightli_ossuary_entry_decrepit_ruins
D:6:      minmay_diamond_boxcup, layout_loops_cross, trog_wizard,
          uniq_prince_ribbit1
D:7:      layout_cave_pools, riverfiend_overflow_shadow_ancestor,
          mainiacjoe_overflow_brackets, lemuel_doored_altar,
          mainiacjoe_overflow_cross_hatched
D:8:      layout_cave_pods, nrook_mini_vaults, minmay_alternating_orb
D:9:      layout_rooms, nemelex_xobeh_ov_fountains_minmay,
          grunt_lair_entry_orc_guard_hut, enter_bailey_3, minmay_liquid_box,
          nicolae_shop_i_like_big_books
D:10:     layout_basic, nicolae_uskayaw_dance_hall, zin_angel,
          kennysheep_orc_sif_temple
D:11:     kennysheep_spiral_hall, layout_cave_pools, david_orc_3,
          nicolae_concentric_dashed_squares_mild
D:12:     layout_basic, serial_shops, shop
D:13:     layout_rooms, erik_vaults_1, gammafunk_ghost_grave,
          minmay_fractal_squares_diagonal_5
D:14:     layout_cave_pods, nicolae_hepliaklqana_hazy_memory
D:15:     grunt_enter_depths_hoard, layout_stronghold,
          yredelemnul_altar_generic, minivault_11, serial_bayou_ford_a,
          uniq_rupert, uniq_kirke
Temple:   nicolae_temple_bog_church
Lair:1:   layout_hall_layers, beast_lair_carwin_8
Lair:2:   layout_misc_corridors, elwin_shoals_entry_rocks,
          spider_nest_entry_webs, nzn_random_ring, grunt_megastairs_5
Lair:3:   layout_long_grid, uniq_nessos
Lair:4:   layout_regular_city, nicolae_slime_entry_field_trip, st_stairs_13,
          dreamdust_mushroom_princess, serial_bayou_shore_a
Lair:5:   hangedman_lair_tendril_chambers, layout_long_grid
Shoals:1: dreamdust_from_the_deep, layout_shoals, nicolae_shoals_goliath_grotto
Spider:1: layout_spider_delve
Orc:1:    layout_caves, serial_shops,
          nicolae_shop_temple_entry_statues_fountains, david_defended_altar_orc,
          uniq_jorgrun, uniq_maurice, uniq_snorg
Orc:2:    grunt_orc_gardens, layout_caves, grunt_orc_garden, grunt_orc_garden,
          grunt_orc_garden, grunt_orc_garden, basic_altar,
          portal_ice_cave_entry_ice_simulacra
Elf:1:    minmay_the_grid_octo_2x2 [minmay_the_grid_octo_teeth,
          minmay_the_grid_octo_fan_narrow, minmay_the_grid_octo_concentric,
          minmay_the_grid_octo_prize_ultimate_mussel_roller],
          layout_geoelf_octagon, serial_shops, nicolae_shop_crystal,
          evilmike_minifort, minivault_5

Skill      XL: |  1  2  3  4  5  6  7  8  9 10 11 12 13 14 15 16 |
---------------+-------------------------------------------------+-----
Shields        | 4 5 6 8 9 11 13 15 17 19 20 | 20.9
Armour         | 4 5 6 7 10 11 12 14 15 16 | 16.5
Fighting       | 4 5 6 7 9 10 12 13 14 16 | 16.7
Long Blades    | 3 4 5 6 7 9 10 11 12 14 15 16 | 16.9
Dodging        | 1 2 3 4 5 6 |  6.4
Stealth        | 1 2 |  2.9
Invocations    | 1 2 |  2.0
Polearms       | 1 |  1.0
Evocations     | |  0.5

Action                     |  1- 3 |  4- 6 |  7- 9 | 10-12 | 13-15 | 16-18 || total
---------------------------+-------+-------+-------+-------+-------+-------++-------
  Melee: Long sword        |    69 |   108 |   301 |   608 |   985 |   279 ||  2350
         Headbutt          |     9 |    19 |    62 |   139 |   330 |    83 ||   642
         Scimitar          |       |       |       |       |   244 |       ||   244
         Spear             |       |       |       |       |     6 |       ||     6
 Invoke: Heroism           |       |       |     1 |     1 |    14 |     1 ||    17
  Evoke: Wand              |       |       |       |       |     2 |       ||     2
    Use: Scroll            |       |       |     9 |    16 |     7 |       ||    32
         Potion            |       |       |     1 |     2 |     2 |     1 ||     6
   Stab: Distracted        |       |       |     1 |     1 |     1 |       ||     3
         Paralysed         |       |       |       |       |     3 |       ||     3
 Armour: Scale mail        |    45 |    56 |       |       |       |       ||   101
         Plate armour      |       |       |   230 |   220 |       |       ||   450
         Crystal plate arm |       |       |       |   188 |    91 |       ||   279
         Chain mail        |       |       |       |       |   691 |   146 ||   837
  Dodge: Dodged            |    43 |    62 |   176 |   300 |   599 |   165 ||  1345
         Repelled          |       |       |       |     2 |     2 |       ||     4
  Block: Buckler           |    26 |    31 |   142 |    37 |       |       ||   236
         Kite shield       |       |       |       |   494 |  1393 |   343 ||  2230
